[Event "Early-Titled-Tuesday-Blitz-April-16-2024"]
[Site "Chess.com"]
[Date "2024.04.16"]
[Round "7"]
[White "Fernando_Offermann"]
[Black "lefonghua"]
[Result "0-1"]
[WhiteElo "2448"]
[BlackElo "2593"]
[TimeControl "180+1"]
[EndTime "9:20:14 PDT"]
[Termination "lefonghua won by resignation"]

1. e4 c5 2. Nf3 g6 3. d4 cxd4 4. Qxd4 Nf6 5. Qa4 Nc6 6. Nc3 d6 7. Bf4 Bg7 8. Rd1 Bd7 9. Bb5 O-O 10. O-O a6 11. Bxc6 Bxc6 12. Qc4 Rc8 13. Qe2 Qa5 14. Nd4 Bd7 15. Nb3 Qc7 16. e5 Nh5 17. exd6 Nxf4 18.
Qf3 exd6 19. Qxf4 Bxc3 20. bxc3 Qxc3 21. Qxd6 Bb5 22. Rfe1 Qxc2 23. Rd2 Qc3 24. h3 Qc7 25. Qf6 Qc3 26. Qg5 Bc4 27. Re3 Qg7 28. Re7 Bxb3 29.
axb3 b5 30. Rdd7 Qa1+ 31. Kh2 Rc1 32. Rxf7 Rxf7 33. Qd5 Rh1+ 34. Kg3 Qc3+ 35. f3 Qf6 36. Kf2 Rc1 37. Rd6 Rc2+ 38. Ke3 Qf4+ 39. Kd3 Rd2+ 0-1

[Event "Early-Titled-Tuesday-Blitz-April-16-2024"]
[Site "Chess.com"]
[Date "2024.04.16"]
[Round "7"]
[White "mertfelin"]
[Black "Kushch_Nikolai"]
[Result "0-1"]
[WhiteElo "2234"]
[BlackElo "2367"]
[TimeControl "180+1"]
[EndTime "9:20:14 PDT"]
[Termination "Kushch_Nikolai won by resignation"]

1. e4 c5 2. Nf3 e6 3. d4 cxd4 4. Nxd4 a6 5. c4 Nf6 6. Nc3 Qc7 7. a3 b6 8. f4 d6 9. Bd3 Bb7 10. f5 e5 11. Nb3 Nbd7 12. O-O Nc5 13. Nxc5 dxc5 14. Qf3 Be7 15. Be3 O-O 16. Rad1 Rad8 17. h4 h5 18. Bg5 Ng4 19. f6 Bxf6 20. Nd5 Bxd5 21. exd5 Bxg5 22. hxg5 g6 23. Qg3 Qe7 24. Rde1 Qxg5 25. Be2 Rfe8 26. Bxg4 hxg4 27. a4 Kg7 28. a5 bxa5 29. Qc3 f6 30. Ra1 Rh8 31. Rxa5 g3 32. Rf3 Qh4 33. Rxg3 Qh1+ 34. Kf2 Rh5 35. Rxa6 Rf5+ 36. Rf3 Qh4+ 37. Kg1 Rxf3 38. Qxf3 Qd4+ 39. Qf2 e4 40. Ra7+ Kg8 41. Qxd4 cxd4 42. b4 e3 43. Kf1 d3 44. Re7 e2+ 45. Ke1 Ra8 46. d6 Kf8 47. c5 Ra1+ 48. Kd2 Rd1+ 49. Kc3 e1=Q+ 50. Rxe1 Rxe1 51. Kxd3 0-1

[Event "Early-Titled-Tuesday-Blitz-April-16-2024"]
[Site "Chess.com"]
[Date "2024.04.16"]
[Round "7"]
[White "azikom"]
[Black "Pedrada88"]
[Result "1-0"]
[WhiteElo "2708"]
[BlackElo "2575"]
[TimeControl "180+1"]
[EndTime "9:20:16 PDT"]
[Termination "azikom won by resignation"]

1. d4 Nf6 2. Bf4 b6 3. e3 Bb7 4.
Nf3 g6 5. h3 Bg7 6. Bh2 O-O 7.
Be2 d6 8. O-O Nbd7 9. c4 Re8 10.
Nc3 e5 11. Qc2 Qe7 12. Rfd1 e4 13. Nd2 h5 14. b4 a5 15. a3 axb4 16. axb4 Bh6 17.
Rxa8 Rxa8 18. Nb5 Nf8 19. c5 dxc5 20. bxc5 Nd5 21. cxb6 cxb6 22. Bd6 Qd7 23. Nxe4 Ne6 24. Qb3 Bg7 25. Be5 Bc6 26. Ned6 f6 27. Bg3 Bf8 28. Bc4 Kh7 29. Bxd5 Bxd5 30. Qxd5 Ra5 31. Qb3 f5 32. Be5 Ng5 33. Rc1 Bxd6 34. Nxd6 Ne4 35. Nxe4 fxe4 36. Rc7 Ra1+ 37. Kh2 Qxc7 38. Bxc7 b5 39.
Qf7+ 1-0

[Event "Early-Titled-Tuesday-Blitz-April-16-2024"]
[Site "Chess.com"]
[Date "2024.04.16"]
[Round "7"]
[White "le-castor-faineant"]
[Black "kritipatel"]
[Result "0-1"]
[WhiteElo "2320"]
[BlackElo "2185"]
[TimeControl "180+1"]
[EndTime "9:20:17 PDT"]
[Termination "kritipatel won by resignation"]

1. e4 e5 2. Nf3 Nc6 3. Bb5 a6 4. Ba4 Nf6 5. Qe2 b5 6. Bb3 Bc5 7. a4 Rb8 8. axb5 axb5 9. Nc3 b4 10. Nd5 O-O 11. d3 Nxd5 12. Bxd5 Nd4 13. Nxd4 Bxd4 14. O-O c6 15. Bb3 d5 16. exd5 cxd5 17. Ra2 Qf6 18.
Be3 Bxe3 19. fxe3 Qd6 20. e4 dxe4 21. Qxe4 Bb7 22. Qc4 Qg6 23. Rf2 h6 24. Ra1 Bc8 25.
Raf1 Be6 26. Qc7 Bxb3 27. cxb3 Rbc8 28. Qxe5 Qxd3 29. Qa5 Qxb3 30. Qa7 Rc2 31. Rxc2 Qxc2 32. Qf2 Qc4 33. h3 b3 34. Qf4 Qc5+ 35. Qf2 Qc4 36. Qf4 Qd3 37. Rf3 Qb1+ 38. Kh2 Qxb2 39. Qb4 Qe5+ 40.
Qf4 Qxf4+ 41. Rxf4 Rb8 42. Rf1 b2 43. Rb1 Kf8 44.
Kg1 Ke7 45. Kf2 Ke6 46. Ke2 Kf5 47. Kf2 g5 48. g3 Ke4 49. Ke2 f5 50. Kf2 Rb3 0-1

[Event "Early-Titled-Tuesday-Blitz-April-16-2024"]
[Site "Chess.com"]
[Date "2024.04.16"]
[Round "7"]
[White "FGHSMN"]
[Black "Tagir45"]
[Result "1-0"]
[WhiteElo "2895"]
[BlackElo "2633"]
[TimeControl "180+1"]
[EndTime "9:20:21 PDT"]
[Termination "FGHSMN won on time"]

1. e4 c5 2. Nf3 Nc6 3. Nc3 g6 4. Bb5 Bg7 5. O-O Nf6 6. e5 Ng4 7. Bxc6 bxc6 8. Re1 O-O 9. h3 Nh6 10. d3 f6 11. exf6 exf6 12. Bf4 Nf7 13. Qd2 d6 14. d4 cxd4 15. Nxd4 Ne5 16. Bxe5 dxe5 17. Nb3 Qxd2 18. Nxd2 f5 19. Nb3 e4 20. Na4 Rb8 21.
c3 Be6 22. Nbc5 Bd5 23. Nd7 f4 24. b3 e3 25. Nxb8 exf2+ 26. Kxf2 Rxb8 27. Re7 Bf6 28. Rxa7 Re8 29. Nb6 Bxc3 30. Rd1 Bb4 31. Nxd5 Bc5+ 32. Kf3 cxd5 33. Rd7 d4 34. Kxf4 Re2 35. a4 Rxg2 36.
Re1 Rf2+ 37. Kg3 Rf8 38. Re5 Bb4 39. a5 1-0

[Event "Early-Titled-Tuesday-Blitz-April-16-2024"]
[Site "Chess.com"]
[Date "2024.04.16"]
[Round "7"]
[White "SaqoChess_Twitch"]
[Black "AryanTari"]
[Result "1-0"]
[WhiteElo "2671"]
[BlackElo "2912"]
[TimeControl "180+1"]
[EndTime "9:20:22 PDT"]
[Termination "SaqoChess_Twitch won by resignation"]

1. d4 d5 2. c4 e6 3. Nc3 c5 4. cxd5 cxd4 5. Qxd4 Nc6 6. Qd1 exd5 7. e3 Nf6 8. Nf3 Bb4 9. Bd2 O-O 10. Be2 Ne4 11. Nxe4 dxe4 12. Nd4 Bxd2+ 13. Qxd2 Nxd4 14. Qxd4 Qxd4 15. exd4 Rd8 16. Kd2 Rxd4+ 17. Ke3 Rb4 18. b3 Be6 19. Rhd1 f5 20. Rac1 a5 21. Rd6 Re8 22. Rc5 a4 23. bxa4 f4+ 24. Kxf4 e3+ 25. Kg3 exf2 26. Re5 Kf7 27. Kxf2 Kf6 28. Re3 Rb2 29.
Kg3 Kf7 30. a5 Rb4 31. a3 Rb2 32. Rdxe6 Rxe6 33. Bc4 1-0

[Event "Early-Titled-Tuesday-Blitz-April-16-2024"]
[Site "Chess.com"]
[Date "2024.04.16"]
[Round "7"]
[White "lrjchess"]
[Black "chezzgirl04"]
[Result "1-0"]
[WhiteElo "2477"]
[BlackElo "2175"]
[TimeControl "180+1"]
[EndTime "9:20:24 PDT"]
[Termination "lrjchess won by checkmate"]

1. e4 e5 2. Bc4 Nc6 3. Nc3 Bc5 4. d3 Nf6 5. f4 d6 6. Nf3 Ng4 7. Qe2 Bf2+ 8. Kd1 Nd4 9. Nxd4 exd4 10. h3 Qh4 11. Nd5 O-O 12. Nxc7 Be3 13. Rf1 Rb8 14.
f5 Nf2+ 15. Rxf2 Bxf2 16. Qg4 a6 17. Qxh4 Bxh4 18. a4 g6 19. g4 h5 20. Bh6 hxg4 21. hxg4 gxf5 22. gxf5 Rd8 23. Ke2 Kh7 24. Bf4 Rg8 25. Rh1 Rg2+ 26. Kf3 Rf2+ 27. Kg4 Rxc2 28. Rxh4+ Kg7 29. Bxd6 Rg2+ 30. Kf3 Rxb2 31. Be5+ Kf8 32. Bf6 Kg8 33. Rh8# 1-0

[Event "Early-Titled-Tuesday-Blitz-April-16-2024"]
[Site "Chess.com"]
[Date "2024.04.16"]
[Round "7"]
[White "DarZay"]
[Black "RedFirePanda"]
[Result "0-1"]
[WhiteElo "2319"]
[BlackElo "2477"]
[TimeControl "180+1"]
[EndTime "9:20:24 PDT"]
[Termination "RedFirePanda won by resignation"]

1. e4 d5 2. exd5 Qxd5 3. Nc3 Qd8 4. d4 Nf6 5. Nf3 Bf5 6. Bc4 e6 7. O-O c6 8. Ne5 Nbd7 9. f4 Be7 10. Kh1 O-O 11. h3 Nxe5 12. dxe5 Ne4 13. Nxe4 Bxe4 14. Qe2 Bd5 15. Be3 Qa5 16. a3 Rfd8 17. f5 Bxc4 18.
Qxc4 Qxe5 19. Rae1 Qd5 20. Qxd5 Rxd5 21. fxe6 fxe6 22. Bf4 Kf7 23. c4 Rf5 24. Re5 Bf6 25.
g4 Rxe5 26. Bxe5 Ke7 27. Bxf6+ gxf6 28. c5 Rd8 29. Kg2 Rd5 30. b4 Rd3 31. Rf3 Rxf3 32. Kxf3 f5 33. gxf5 exf5 34. Kf4 Kf6 35. h4 h6 36. a4 a6 37. Kg3 Ke5 38. Kf3 f4 39. Kg4 Ke4 40. Kh5 f3 41. Kxh6 f2 42. Kg7 f1=Q 43. h5 Qg2+ 44. Kh6 Qb2 45. Kh7 Qxb4 46. h6 Qxc5 47. Kg8 Qe7 48. h7 Qxh7+ 49. Kxh7 b5 50. axb5 cxb5 51. Kg7 b4 52. Kf6 b3 53. Ke6 b2 0-1

[Event "Early-Titled-Tuesday-Blitz-April-16-2024"]
[Site "Chess.com"]
[Date "2024.04.16"]
[Round "7"]
[White "MarcoRiehle"]
[Black "CristianS27"]
[Result "1-0"]
[WhiteElo "2739"]
[BlackElo "2538"]
[TimeControl "180+1"]
[EndTime "9:20:25 PDT"]
[Termination "MarcoRiehle won by checkmate"]

1. e4 e5 2. Nf3 Nc6 3. Bc4 Nf6 4.
d4 exd4 5. O-O Nxe4 6. Nc3 Nxc3 7. bxc3 d5 8. Bd3 Be7 9. Re1 O-O 10. cxd4 Bg4 11.
c3 Qd7 12. Bf4 Bd6 13. Bxd6 cxd6 14. h3 Bh5 15. Re3 Rfe8 16. Bxh7+ Kxh7 17. Ng5+ Kh6 18. Qd2 Rxe3 19. Qxe3 Re8 20. Qf4 f6 21. Nf7+ Kh7 22.
Nxd6 Re6 23. Nb5 Bg6 24. Qh4+ Kg8 25. Qg3 Qe7 26. Qxg6 Re1+ 27. Rxe1 Qxe1+ 28. Kh2 Qxf2 29. Qe8+ Kh7 30. Qh5+ Kg8 31. Qxd5+ Kh7 32. Qe4+ Kg8 33. a4 f5 34. Qf3 Qc2 35. Nd6 Ne7 36. Qxb7 Ng6 37.
Qc8+ Kh7 38. Qxf5 Qxc3 39. Qh5+ Kg8 40. Qxg6 Qxd4 41. Nf5 Qf4+ 42. Kg1 Qc1+ 43. Kh2 Qf4+ 44. Ng3 Kh8 45. a5 Kg8 46. a6 Kh8 47. Qc6 Kg8 48.
Qa8+ Kh7 49. Qxa7 Kh6 50. Qc5 g5 51. a7 Qf8 52. Qxf8+ Kg6 53. a8=Q Kh7 54. Qe4# 1-0

[Event "Early-Titled-Tuesday-Blitz-April-16-2024"]
[Site "Chess.com"]
[Date "2024.04.16"]
[Round "7"]
[White "DeArron_Fox"]
[Black "Nikolakis2014"]
[Result "0-1"]
[WhiteElo "2529"]
[BlackElo "2736"]
[TimeControl "180+1"]
[EndTime "9:20:25 PDT"]
[Termination "Nikolakis2014 won on time"]

1. d4 Nf6 2. c4 g6 3. Nc3 Bg7 4. e4 d6 5. f3 O-O 6. Be3 c5 7.
Nge2 Nc6 8. d5 Ne5 9. Ng3 b5 10. cxb5 a6 11. bxa6 Bxa6 12. Bxa6 Rxa6 13. O-O Qa8 14.
Qe2 Rb8 15. f4 Ned7 16. Rad1 Rb4 17. h3 h5 18. a3 Rb3 19. e5 dxe5 20. f5 Rab6 21.
Rd2 Qb7 22. fxg6 fxg6 23. Nge4 Rxb2 24. Nxc5 Nxc5 25. Bxc5 Rxd2 26. Qxd2 Rb3 27. Qc2 Kh7 28. Kh2 e4 29. Bb4 Rxb4 30. axb4 Qxb4 31. Re1 Qc4 32. Qd2 Bh6 33. Qe2 Qxc3 0-1

[Event "Early-Titled-Tuesday-Blitz-April-16-2024"]
[Site "Chess.com"]
[Date "2024.04.16"]
[Round "7"]
[White "KVAIDAN"]
[Black "FREDERICKtheMATE"]
[Result "0-1"]
[WhiteElo "2356"]
[BlackElo "2697"]
[TimeControl "180+1"]
[EndTime "9:20:25 PDT"]
[Termination "FREDERICKtheMATE won by resignation"]

1. f4 f5 2. e4 fxe4 3. d3 exd3 4. Bxd3 Nf6 5. Nf3 e6 6. Ng5 Qe7 7. Nc3 g6 8. h4 Qg7 9. h5 Nxh5 10. Rxh5 gxh5 11. Qxh5+ Ke7 12. f5 h6 13. Nf3 Qf7 14.
Qh4+ Qf6 15. Qc4 c6 16. Ne4 d5 17. Qc5+ Kf7 18. fxe6+ Qxe6 19. Qc3 Bg7 20. Qb3 b5 21. Nd4 Bxd4 22. Be2 dxe4 23. c3 Qxb3 24. axb3 Bb6 25. Bf4 Be6 26. O-O-O Nd7 27. Rd6 Bc7 28. Bh5+ Ke7 29. Rxe6+ Kxe6 30. Bxc7 Ne5 31. Ba5 Rhg8 0-1

[Event "Early-Titled-Tuesday-Blitz-April-16-2024"]
[Site "Chess.com"]
[Date "2024.04.16"]
[Round "7"]
[White "vovachesss"]
[Black "2Coaches1Profile"]
[Result "1-0"]
[WhiteElo "2763"]
[BlackElo "2551"]
[TimeControl "180+1"]
[EndTime "9:20:28 PDT"]
[Termination "vovachesss won by checkmate"]

1. e4 Nf6 2. e5 Nd5 3. Nc3 c6 4. d4 d6 5. f4 g6 6. Nf3 Bg7 7. Bc4 Nxc3 8. bxc3 O-O 9. O-O d5 10.
Bd3 c5 11. dxc5 Qa5 12. Be3 Qxc3 13. a4 Nc6 14. a5 d4 15. Bf2 Qxc5 16. Be4 Rd8 17.
Ra4 Bf5 18. Bxf5 gxf5 19. e6 fxe6 20. Ng5 Rd6 21. Qh5 Qxc2 22. Qxh7+ Kf8 23. Qg6 Nd8 24. Rxd4 Rxd4 25. Nh7+ Kg8 26. Bxd4 e5 27. Bxe5 Qc5+ 28. Kh1 Ne6 29. Ng5 Kh8 30. Qh7# 1-0

[Event "Early-Titled-Tuesday-Blitz-April-16-2024"]
[Site "Chess.com"]
[Date "2024.04.16"]
[Round "7"]
[White "Sanyura"]
[Black "ExchangeAB"]
[Result "1-0"]
[WhiteElo "2592"]
[BlackElo "2422"]
[TimeControl "180+1"]
[EndTime "9:20:28 PDT"]
[Termination "Sanyura won by resignation"]

1. Nf3 d5 2. g3 Nf6 3. Bg2 c6 4. O-O Bf5 5. d3 h6 6. Nbd2 e6 7. b3 Be7 8. Bb2 O-O 9. Ne5 Nfd7 10. e4 Bh7 11. Nxd7 Nxd7 12. Qe2 Bf6 13. e5 Be7 14. f4 a5 15. a3 c5 16. g4 a4 17. f5 axb3 18. f6 gxf6 19. exf6 Bxf6 20. Bxf6 Nxf6 21. g5 hxg5 22. Nf3 b2 23. Rab1 Nd7 24. Rxb2 b6 25. Qe3 g4 26. Ng5 Bf5 27. h3 f6 28. Nxe6 Qe7 29. Rxf5 Ne5 30. Bxd5 Qd6 31.
Nf4+ Kg7 32. Bxa8 Rxa8 33. hxg4 Rxa3 34. Nh5+ Kg8 35. Nxf6+ Kg7 36. Ne8+ 1-0

[Event "Early-Titled-Tuesday-Blitz-April-16-2024"]
[Site "Chess.com"]
[Date "2024.04.16"]
[Round "7"]
[White "Misterfox120"]
[Black "shirovin"]
[Result "1-0"]
[WhiteElo "2382"]
[BlackElo "2042"]
[TimeControl "180+1"]
[EndTime "9:20:30 PDT"]
[Termination "Misterfox120 won by resignation"]

1. d4 f5 2. Bg5 g6 3. e3 Bg7 4. c4 Nf6 5. Nc3 O-O 6. Bd3 d6 7.
Nf3 Nc6 8. d5 Ne5 9. Nxe5 dxe5 10.
e4 c6 11. dxc6 bxc6 12. c5 Qa5 13. Rc1 Rd8 14. b4 Qxb4 15. Bc4+ Qxc4 16. Qxd8+ Bf8 17. exf5 gxf5 18. Bxf6 exf6 19. Qxf6 Bg7 20. Qxc6 Rb8 21. Qd5+ Qxd5 22. Nxd5 Ba6 23. c6 Rd8 24. Ne7+ Kf7 25.
c7 Kxe7 26. cxd8=Q+ Kxd8 27. Rc5 Kd7 28. Ra5 Bb7 29. Rxa7 Kc6 30. Rxb7 Kxb7 31. O-O Ka6 32. Rd1 e4 33. Rd7 Be5 34. Rxh7 f4 35. h4 Bd4 36.
Kf1 e3 37. fxe3 fxe3 38. Ke2 Bc5 39. h5 Kb5 40. g4 Bd4 41. Rd7 Be5 42. Rd5+ 1-0

[Event "Early-Titled-Tuesday-Blitz-April-16-2024"]
[Site "Chess.com"]
[Date "2024.04.16"]
[Round "7"]
[White "kripri"]
[Black "Itay121"]
[Result "1-0"]
[WhiteElo "2375"]
[BlackElo "2533"]
[TimeControl "180+1"]
[EndTime "9:20:31 PDT"]
[Termination "kripri won by resignation"]

1. e4 e5 2. Nf3 d5 3. Nxe5 Nf6 4.
exd5 Qxd5 5. Nf3 Bd6 6. Nc3 Qh5 7. Be2 Bg4 8. h3 Nc6 9. d4 O-O-O 10. Be3 Rhe8 11.
Qd2 Bb4 12. O-O-O Ne4 13. hxg4 Qa5 14. Nxe4 Bxd2+ 15. Nexd2 Qxa2 16. Nb3 a5 17. d5 a4 18.
dxc6 axb3 19. cxb3 Qxb3 20. Nd4 Qa4 21. Bb5 Qa5 22.
cxb7+ Kxb7 23. Bc6+ Kb8 24. Bxe8 Qc5+ 25. Nc2 Qe7 26.
Bc6 Rd6 27. Rxd6 Qxd6 28. Bf3 h6 29. Rd1 Qf6 30. Nd4 c5 31. Nb5 g5 32. Rd7 Kc8 33.
Rc7+ Kd8 34. Rxc5 Qa6 35. Rd5+ Ke7 36. Bc5+ Ke6 37. Rd6+ Qxd6 38. Nxd6 1-0

[Event "Early-Titled-Tuesday-Blitz-April-16-2024"]
[Site "Chess.com"]
[Date "2024.04.16"]
[Round "7"]
[White "Cheer_Down"]
[Black "rhwr"]
[Result "1-0"]
[WhiteElo "2498"]
[BlackElo "2279"]
[TimeControl "180+1"]
[EndTime "9:20:32 PDT"]
[Termination "Cheer_Down won by resignation"]

1. e4 c5 2. Nf3 d6 3. d4 cxd4 4. Nxd4 Nf6 5. Nc3 e5 6. Bb5+ Bd7 7. Bxd7+ Qxd7 8. Nf5 d5 9. Nxd5 Nxe4 10. Nfe3 Bc5 11. O-O Nc6 12. Qf3 Nd6 13. Rd1 Nd4 14. Qh5 Nc6 15.
b4 Bxe3 16. Bxe3 O-O 17. b5 Nd4 18. Qxe5 Nxc2 19. Rac1 Nxe3 20. Nxe3 Rad8 21. a4 Qe6 22. Qxe6 fxe6 23. f3 Rf7 24. Nc4 Rfd7 25. Ne5 Re7 26. Rd3 Nf7 27. Rxd8+ Nxd8 28. Rc8 Re8 29. a5 Kf8 30. a6 bxa6 31. bxa6 Nf7 32. Rxe8+ Kxe8 33. Nc6 Kd7 34. Nxa7 Kc7 35. Nb5+ Kb6 36. a7 Kb7 37. Kf2 Nd8 38. Ke3 Nc6 39. Ke4 Nxa7 40. Nxa7 Kxa7 41. Ke5 Kb7 42. Kxe6 Kc7 43. Kf7 g5 44. g4 Kd6 45.
Kf6 h6 46. Kg6 Ke5 47. Kxh6 Kf4 48. Kh5 Kxf3 49. Kxg5 Kg2 50. h4 Kh2 51. h5 1-0

[Event "Early-Titled-Tuesday-Blitz-April-16-2024"]
[Site "Chess.com"]
[Date "2024.04.16"]
[Round "7"]
[White "Evgeny81"]
[Black "Predator0608"]
[Result "1-0"]
[WhiteElo "2772"]
[BlackElo "2575"]
[TimeControl "180+1"]
[EndTime "9:20:33 PDT"]
[Termination "Evgeny81 won by resignation"]

1. Nf3 Nf6 2. c4 b6 3. g3 Bb7 4. Bg2 e6 5. O-O Be7 6. d4 O-O 7. Nc3 d5 8. cxd5 Nxd5 9. Qc2 Nd7 10. e4 Nxc3 11. bxc3 c5 12. d5 exd5 13. exd5 Bxd5 14. Rd1 Be6 15. Ne5 Nxe5 16. Rxd8 Raxd8 17. Bf4 Nd3 18. Be3 c4 19. Qa4 Rd7 20. Bc6 Rc7 21. Be4 Rd8 22. h4 Nc5 23. Bxc5 Bxc5 24. Rd1 Rxd1+ 25. Qxd1 Rd7 26.
Qe2 g6 27. Kh2 Kg7 28. h5 Rd6 29. Bc2 Rd7 30. Qe5+ Kh6 31. Qf4+ Kg7 32. h6+ Kf8 33. Bxg6 hxg6 34. Qf6 Rd2 35. h7 Rxf2+ 36. Qxf2 Bxf2 37.
h8=Q+ Ke7 38. Qh4+ Kd7 39. Qe4 Kd6 40. Qf4+ 1-0

[Event "Early-Titled-Tuesday-Blitz-April-16-2024"]
[Site "Chess.com"]
[Date "2024.04.16"]
[Round "7"]
[White "GelmanAlexander"]
[Black "mokerslag"]
[Result "1-0"]
[WhiteElo "2670"]
[BlackElo "2504"]
[TimeControl "180+1"]
[EndTime "9:20:33 PDT"]
[Termination "GelmanAlexander won by resignation"]

1. c4 Nf6 2. Nf3 e6 3. e3 d5 4. d3 dxc4 5. Qa4+ Bd7 6. Qxc4 Nc6 7. Nbd2 e5 8. a3 Be6 9. Qc2 Bd6 10. b4 a6 11. Bb2 O-O 12. Be2 Nd7 13. Rc1 Nb6 14. h4 h6 15. h5 f5 16. Nh4 Ne7 17. Ndf3 f4 18. e4 a5 19. b5 Nd7 20. d4 exd4 21. Nxd4 Bf7 22. Bc4 Ne5 23. Bxf7+ Rxf7 24. Rd1 Qe8 25. Qb3 Kh7 26. Rh3 a4 27. Qc2 Ra5 28. Kf1 Rxb5 29. Nxb5 Qxb5+ 30. Kg1 Nc4 31. e5+ Kg8 32.
exd6 cxd6 33. Bc1 Nc6 34. Ng6 f3 35. Qe4 N6e5 36. Nxe5 Nxe5 37. Bf4 Qe2 38. Re1 Qa2 39. Bxe5 fxg2 40. Bd4 Rf8 41. Rg3 1-0

[Event "Early-Titled-Tuesday-Blitz-April-16-2024"]
[Site "Chess.com"]
[Date "2024.04.16"]
[Round "7"]
[White "GMAneta"]
[Black "NewYearGirl"]
[Result "0-1"]
[WhiteElo "2539"]
[BlackElo "2381"]
[TimeControl "180+1"]
[EndTime "9:20:33 PDT"]
[Termination "NewYearGirl won by checkmate"]

1. d4 Nf6 2. Nf3 c5 3. d5 b5 4. Bg5 g6 5. Bxf6 exf6 6. e4 f5 7. e5 Bg7 8. Bxb5 O-O 9. O-O d6 10. Re1 Qb6 11. Nc3 a6 12. Bc4 Qxb2 13. Qd3 dxe5 14.
Rab1 e4 15. Rxb2 exd3 16. Rb3 dxc2 17. Rc1 a5 18. Rxc2 Ba6 19. Na4 Bxc4 20. Rxc4 Nd7 21. Rb7 Rfd8 22. h4 Nf6 23. Nb6 Rab8 24. Rxb8 Rxb8 25.
Na4 Nxd5 26. Rxc5 Nf6 27. Rxa5 Rb1+ 28. Kh2 Ng4+ 29. Kg3 Bf8 30. Rd5 Ra1 31. Rd2 Bb4 32. Rd4 Ba5 33. Rd7 Rxa2 34. Ng5 Be1 35. Nxf7 Rxa4 36. Kf3 Bxf2 37. Ng5 Bxh4 38. Ne6 Bf6 39. Rb7 h5 40. Rb8+ Kh7 41. Rb7+ Kh6 42. Nf8 Ra3+ 43. Ke2 Kg5 44. Rh7 Ra2+ 45. Kf3 Ne5+ 46. Kg3 h4+ 47.
Kh3 Ra3+ 48. g3 Rxg3+ 49. Kh2 Nf3+ 50. Kh1 Rg1# 0-1

[Event "Early-Titled-Tuesday-Blitz-April-16-2024"]
[Site "Chess.com"]
[Date "2024.04.16"]
[Round "7"]
[White "LileKoridze"]
[Black "PonyQueen07"]
[Result "1/2-1/2"]
[WhiteElo "2378"]
[BlackElo "2215"]
[TimeControl "180+1"]
[EndTime "9:20:33 PDT"]
[Termination "Game drawn by repetition"]

1. d4 Nf6 2. c4 e6 3. Nf3 Bb4+ 4.
Bd2 a5 5. a3 Bxd2+ 6. Nbxd2 b6 7.
e4 d6 8. Bd3 Bb7 9. O-O Nbd7 10. e5 dxe5 11. dxe5 Ng4 12. Be4 Bxe4 13. Nxe4 Ndxe5 14.
Nxe5 Qxd1 15. Raxd1 Nxe5 16. c5 O-O 17. cxb6 cxb6 18. Rd6 Nc4 19. Rc6 Rac8 20. Rxc8 Rxc8 21. Rc1 Nd6 22. Nc3 g6 23. Rd1 Nc4 24. Rb1 Nxa3 25. bxa3 Rxc3 26. g3 Rxa3 27. Rxb6 Ra1+ 28. Kg2 a4 29. Ra6 a3 30. Ra7 Kg7 31. Ra5 Kf6 32. h4 h5 33. Ra7 a2 34. Ra5 e5 35. Ra7 Ke6 36. Ra6+ Kf5 37. Ra5 f6 38. Ra6 Ke4 39.
Ra3 f5 40. Ra6 Kd3 41. Ra8 e4 42. Ra6 e3 43. Ra3+ Kd2 44. fxe3 Kc2 45. Ra8 Kd2 46. Ra3 Ke2 47. Ra8 Kxe3 48. Re8+ Kd4 49. Rd8+ Ke5 50. Ra8 Kd5 51. Rd8+ Ke6 52. Ra8 f4 53. gxf4 Kf5 54.
Ra5+ Kxf4 55. Ra4+ Kf5 56. Ra5+ Kg4 57. Ra4+ Kf5 58.
Ra5+ Ke4 59. Ra4+ Kd3 60. Ra3+ Kc2 61. Ra8 Kb3 62. Rb8+ Kc4 63. Rc8+ Kb5 64. Rb8+ Kc6 65. Ra8 Kb7 66. Ra3 Kc7 67. Ra7+ Kd6 68. Ra6+ Ke5 69. Ra5+ Kf6 70. Ra6+ Kg7 71. Ra7+ Kh6 72. Ra8 Kg7 73. Ra7+ Kf8 74. Ra8+ Kf7 75. Ra7+ Kf6 76.
Ra6+ Kf5 77. Ra5+ 1/2-1/2

[Event "Early-Titled-Tuesday-Blitz-April-16-2024"]
[Site "Chess.com"]
[Date "2024.04.16"]
[Round "7"]
[White "Salem-AR"]
[Black "frederiksvane"]
[Result "0-1"]
[WhiteElo "3025"]
[BlackElo "3072"]
[TimeControl "180+1"]
[EndTime "9:20:34 PDT"]
[Termination "frederiksvane won by checkmate"]

1. d4 Nf6 2. Nf3 e6 3. e3 b6 4.
Bd3 Bb7 5. O-O Be7 6. c4 O-O 7.
Nc3 d5 8. cxd5 exd5 9. a3 Nbd7 10. b4 c6 11. Qb3 Bd6 12. Re1 Re8 13. e4 dxe4 14.
Nxe4 Nxe4 15. Bxe4 Nf6 16. Bg5 h6 17. Bg6 Rf8 18.
Bh4 Bc8 19. Rac1 Be6 20. Rxe6 fxe6 21. Ne5 Bxe5 22. dxe5 Qd5 23. Qg3 Nd7 24. Re1 Qd2 25. Rf1 Qf4 26. Qc3 Qxh4 27. Qxc6 Qe7 28. f4 Rac8 29. Qb7 Rfd8 30. Rd1 Qf8 31. g3 Nxe5 32. Rxd8 Rxd8 33. fxe5 Rd1+ 34. Kg2 Qf1# 0-1

[Event "Early-Titled-Tuesday-Blitz-April-16-2024"]
[Site "Chess.com"]
[Date "2024.04.16"]
[Round "7"]
[White "dropstoneDP"]
[Black "ContrVersia"]
[Result "1-0"]
[WhiteElo "3070"]
[BlackElo "2897"]
[TimeControl "180+1"]
[EndTime "9:20:34 PDT"]
[Termination "dropstoneDP won by resignation"]

1. e4 c5 2. Nf3 a6 3. g3 b5 4. d4 cxd4 5. Nxd4 Bb7 6. Bg2 Nf6 7. Qe2 e5 8. Nf5 g6 9. Ne3 d6 10. Nc3 Nbd7 11. O-O Be7 12. a4 b4 13. Ncd5 Bxd5 14.
Nxd5 Nxd5 15. exd5 a5 16. Bh6 f5 17. f4 Bf8 18. Bg5 Qb6+ 19. Kh1 Bg7 20. fxe5 Nxe5 21. g4 fxg4 22. c4 h6 23. Be3 Qa6 24. Bd4 h5 25.
Qe4 Ra7 26. c5 Re7 27. Rae1 Kd8 28. Qc2 Rhe8 29. cxd6 Qxd6 30. Bc5 Rc7 31. Rc1 Rxc5 32. Qxc5 Qxc5 33. Rxc5 Nd3 34. Rxa5 Bd4 35. d6 Kd7 36. Rf7+ Kxd6 37. Rd5+ Ke6 38. Rxd4 Kxf7 39. Bd5+ 1-0

[Event "Early-Titled-Tuesday-Blitz-April-16-2024"]
[Site "Chess.com"]
[Date "2024.04.16"]
[Round "7"]
[White "Ramil_Faizrakhmanov"]
[Black "mishanick"]
[Result "1-0"]
[WhiteElo "2912"]
[BlackElo "3049"]
[TimeControl "180+1"]
[EndTime "9:20:35 PDT"]
[Termination "Ramil_Faizrakhmanov won by resignation"]

1. d4 Nf6 2. c4 e6 3. Nf3 d5 4. Nc3 Bb4 5. Qa4+ Nc6 6. e3 O-O 7. Qc2 Re8 8. Bd2 Bf8 9. Be2 Nb4 10. Qd1 dxc4 11. Bxc4 b6 12. O-O Bb7 13. a3 Nbd5 14.
Qe2 c5 15. dxc5 Bxc5 16. Rfd1 Qe7 17. Nxd5 Nxd5 18. e4 Nf6 19. b4 b5 20. Bxb5 Bb6 21. Bg5 h6 22. Bxf6 Qxf6 23. Bxe8 Rxe8 24. a4 Ba8 25. Rac1 Rb8 26. a5 Bd8 27. Qc4 Qg6 28.
Ne5 Qxe4 29. Qxe4 Bxe4 30. Nc6 Bxc6 31. Rxc6 Bf6 32. Rb1 Rb5 33. Ra6 Bd4 34. Kf1 g5 35. Rd6 Be5 36. Rd7 Bb8 37. a6 Rf5 38. Rd8+ 1-0

[Event "Early-Titled-Tuesday-Blitz-April-16-2024"]
[Site "Chess.com"]
[Date "2024.04.16"]
[Round "7"]
[White "Mikhail_Golubev"]
[Black "SHIVACalypso"]
[Result "1-0"]
[WhiteElo "2597"]
[BlackElo "2458"]
[TimeControl "180+1"]
[EndTime "9:20:37 PDT"]
[Termination "Mikhail_Golubev won by resignation"]

1. e4 e6 2. d4 d5 3. e5 c5 4. c3 Nc6 5. Nf3 Bd7 6. Be2 f6 7. O-O fxe5 8. dxe5 Nh6 9. c4 d4 10.
Bxh6 gxh6 11. Bd3 Qc7 12. Qe2 O-O-O 13. Nbd2 Be7 14. a3 Rdf8 15. Rfb1 Be8 16. b4 Bh5 17. b5 Nd8 18. a4 Nf7 19. a5 Ng5 20. b6 axb6 21. axb6 Qb8 22. Be4 Nxe4 23. Nxe4 Bxf3 24.
gxf3 Qxe5 25. Nxc5 Qg5+ 26. Kh1 Bxc5 27. Qxe6+ Kb8 28. Ra7 Qe7 29. Rba1 Bxb6 30. Ra8+ Kc7 31. Qxe7+ 1-0

[Event "Early-Titled-Tuesday-Blitz-April-16-2024"]
[Site "Chess.com"]
[Date "2024.04.16"]
[Round "7"]
[White "GreenPeach24"]
[Black "Let_it_be_1"]
[Result "0-1"]
[WhiteElo "2443"]
[BlackElo "2592"]
[TimeControl "180+1"]
[EndTime "9:20:37 PDT"]
[Termination "Let_it_be_1 won on time"]

1. d4 d5 2. Bf4 e6 3. e3 Bd6 4. Bg3 Nf6 5. Nf3 b6 6. Nbd2 Ba6 7. c4 O-O 8. Rc1 c5 9. Bd3 Nc6 10. dxc5 bxc5 11. Qa4 Nb4 12. Bb1 Bxg3 13. hxg3 Bb7 14. a3 Nc6 15. cxd5 Qxd5 16. Ne4 Ne5 17. Nxf6+ gxf6 18. Qh4 Rfd8 19. Qxf6 Nxf3+ 20. gxf3 Qxf3 21. Bxh7+ Kf8 22.
Rh4 Qxf6 0-1